 Dungeon Crawl Stone Soup version 0.27.0-1-g7a089689b8 (webtiles) character file.

Game seed: 10312253979728242535

16857 thescarp the Geomancer (level 12, -1/71 HPs)
             Began as a Gargoyle Earth Elementalist on Aug 16, 2021.
             Was a Priest of Vehumet.
             Slain by a komodo dragon (17 damage)
             ... on level 3 of the Lair of Beasts on Aug 17, 2021.
             The game lasted 02:46:03 (18525 turns).

thescarp the Geomancer (GrEE)                      Turns: 18525, Time: 02:46:04

Health: -1/71      AC: 16    Str: 12    XL:     12   Next: 41%
Magic:  2/23       EV: 16    Int: 21    God:    Vehumet [***...]
Gold:   2405       SH:  0    Dex: 22    Spells: 11/25 levels left

rFire    . . .     SeeInvis .   Q - +9 flail
rCold    . . .     Faith    .   (no shield)
rNeg     + . .     Spirit   .   o - +2 robe {Will+}
rPois    ∞         Reflect  .   k - +2 helmet
rElec    +         Harm     .   (no cloak)
rCorr    .         Rampage  .   (no gloves)
Will     +....                  (no boots)
Stlth    ++........             U - amulet of magic regeneration
HPRegen  0.21/turn              d - +6 ring of dexterity
MPRegen  0.43/turn              C - +6 ring of dexterity

@: hasted, very quick
A: sickness immunity, AC +8, negative energy resistance 1, electricity
resistance, torment resistance 1, petrification resistance
a: Renounce Religion


You were on level 3 of the Lair of Beasts.
You worshipped Vehumet.
Vehumet was most pleased with you.
You visited 3 branches of the dungeon, and saw 15 of its levels.
You also visited: Ossuary.

You collected 2733 gold pieces.
You spent 328 gold pieces at shops.

Inventory:

Hand Weapons
 D - the +11 long sword of Luaxorot {freeze, Stlth+}
   (You found it on level 2 of the Lair of Beasts)

   It freezes those it strikes, dealing additional cold damage.
   It can also slow down cold-blooded creatures.
   Stlth:     It makes you more stealthy.
 I - a +3 mace of draining
 Q - a +9 flail (weapon)
Missiles
 c - 300 stones
Armour
 k - a +2 helmet (worn)
 o - a +2 robe of willpower (worn)
 t - a +1 robe of cold resistance
Magical Staves
 w - a staff of air
 Y - a staff of poison
Jewellery
 d - a +6 ring of dexterity (left hand)
 m - a ring of see invisible
 C - a +6 ring of dexterity (right hand)
 U - an amulet of magic regeneration (around neck)
Wands
 b - a wand of digging (5)
 l - a wand of mindburst (26)
 q - a wand of polymorph (4)
 r - a wand of iceblast (11)
 H - a wand of paralysis (23)
 N - a wand of charming (11)
Scrolls
 e - a scroll of immolation {unknown}
 f - a scroll of enchant weapon
 v - 6 scrolls of teleportation
 B - 2 scrolls of blinking
 E - 2 scrolls of fog
 F - a scroll of brand weapon
 G - 4 scrolls of holy word
 K - a scroll of amnesia {unknown}
 L - a scroll of fear {unknown}
 O - a scroll of summoning {unknown}
 R - a scroll of enchant armour {unknown}
 Z - a scroll of vulnerability {unknown}
Potions
 h - a potion of resistance {unknown}
 j - a potion of attraction {unknown}
 n - 3 potions of cancellation
 p - 2 potions of haste
 u - 2 potions of brilliance {unknown}
 z - a potion of invisibility {unknown}
 A - 3 potions of ambrosia {unknown}
 M - a potion of mutation {unknown}
 P - 2 potions of flight
 S - a potion of berserk rage {unknown}


   Skills:
 + Level 6.7 Fighting
 + Level 6.2 Maces & Flails
 + Level 6.8 Armour
 + Level 5.6 Dodging
 - Level 2.1 Stealth
 + Level 7.4 Spellcasting
 + Level 8.0 Conjurations
 - Level 0.7 Transmutations
 + Level 5.0 Fire Magic
 + Level 10.0 Earth Magic
 + Level 5.7 Evocations


You had 11 spell levels left.
You knew the following spells:

 Your Spells              Type           Power      Damage    Failure   Level
a - Sandblast             Erth           98%        2d20      1%          1
b - Stone Arrow           Conj/Erth      90%        3d12      1%          3
c - Fireball              Conj/Fire      17%        3d9       4%          5
d - Lee's Rapid Deconstr  Erth           24%        3d14*     1%          5

Your spell library contained the following spells:

 Spells                   Type           Power      Damage    Failure   Level
 Mephitic Cloud           Conj/Pois/Air  19%        N/A       2%          3
 Foxfire                  Conj/Fire      100%       2x1d9     1%          1
 Passwall                 Tmut/Erth      25%        N/A       1%          2
 Poisonous Vapours        Pois/Air       14%        N/A       3%          2
 Sting                    Tmut/Pois      36%        1d4       8%          1
 Petrify                  Tmut/Erth      30%        N/A       10%         4
 Blink                    Tloc           N/A        N/A       13%         2
 Olgreb's Toxic Radiance  Pois           7%         N/A       21%         4
 Starburst                Conj/Fire      17%        8x6d6     22%         6
 Lesser Beckoning         Tloc           3%         N/A       26%         3
 Manifold Assault         Tloc           7%         N/A       93%         5
 Ignition                 Fire           14%        3d6       100%        8


Dungeon Overview and Level Annotations

Branches:
Dungeon (10/15)            Temple (1/1) D:6            Lair (4/6) D:10
    Orc (0/2) D:9         Ossuary (visited)
  Swamp: Lair:2-4    Shoals: Lair:2-4     Snake: Lair:2-4    Spider: Lair:2-4

Altars:
Ashenzari
Cheibriados
Dithmenos
Elyvilon
Fedhas
Gozag
Hepliaklqana
Kikubaaqudgha
Makhleb
Nemelex Xobeh
Okawaru
Qazlal
Ru
Sif Muna
Trog
Uskayaw
Vehumet
Wu Jian
Xom
Yredelemnul
Zin
The Shining One

Shops:
D:1 [   D:3 *   D:7 =   D:9 ![[


Innate Abilities, Weirdness & Mutations

You are immune to sickness and miasma.
Your stone body is resilient. (AC +8)
You are immune to poison.
You resist negative energy. (rN+)
You are resistant to electric shocks. (rElec)
You are resistant to unholy torment.
You are immune to petrification.


Message History

You feel your power returning.
Your Earth Magic skill increases to level 10!
The komodo dragon hisses angrily.
Aiming: Stone Arrow (safe; 1% risk of failure)
Press: ? - help, Q - select action, (/) - cycle Shift-Dir - straight line, f - komodo dragon
Aim: a komodo dragon (82% to hit)
The stone arrow hits the komodo dragon.
The komodo dragon is lightly wounded.
Aiming: Stone Arrow (safe; 1% risk of failure)
Press: ? - help, Q - select action, (/) - cycle Shift-Dir - straight line, f/p - komodo dragon
Aim: a komodo dragon (lightly wounded, 82% to hit)
The stone arrow misses the komodo dragon.
Aiming: Stone Arrow (safe; 1% risk of failure)
Press: ? - help, Q - select action, (/) - cycle Shift-Dir - straight line, f/p - komodo dragon
Aim: a komodo dragon (lightly wounded, 82% to hit)
The stone arrow hits the komodo dragon!
The komodo dragon is heavily wounded.
You hit the komodo dragon but do no damage.
The komodo dragon is heavily wounded.
The komodo dragon bites you!!
You hit the komodo dragon but do no damage.
The komodo dragon is heavily wounded.
The komodo dragon bites you!!
You hit the komodo dragon.
The komodo dragon is heavily wounded.
The komodo dragon bites you but does no damage.
You sock the komodo dragon!
The komodo dragon is severely wounded.
The komodo dragon bites you!
The komodo dragon bites you but does no damage.
Aiming: Stone Arrow (safe; 1% risk of failure)
Press: ? - help, Q - select action, (/) - cycle Shift-Dir - straight line, f/p - komodo dragon
Aim: a komodo dragon (severely wounded, 82% to hit)
The stone arrow misses the komodo dragon.
The komodo dragon bites you!!
* * * LOW HITPOINT WARNING * * *
You feel better. The komodo dragon misses you.
You feel better. The komodo dragon misses you.
You feel yourself speed up. The komodo dragon bites you!
You die...

#.P..## .....
..... ...##
#...####
#......##
##.l.....#
#.>@....#
#P....#.#.##.#
##... #+##.P
#.. .... #.
..... #. .....
. .... ....


You could see a komodo dragon.

Vanquished Creatures
  A hydra (Lair:1)
  Fannar (Lair:1)
  A two-headed ogre (D:9)
  2 swamp dragons (Lair:2)
  A cyclops (D:8)
  Maurice (D:10)
  4 cane toads (Lair:1)
  Maggie (D:6)
  3 komodo dragons
  A hornet (D:7)
  3 blink frogs (Lair:1)
  Sigmund (D:4)
  5 yaks (Lair:1)
  3 wyverns
  Grum (Lair:1)
  A basilisk (Lair:2)
  A vampire mosquito (Lair:2)
  A steam dragon (D:8)
  3 wargs (D:10)
  4 water moccasins (Lair:1)
  A swamp drake (Lair:2)
  6 orc warriors
  3 ice beasts
  4 sky beasts
  4 black bears
  4 centaurs
  2 ogres
  16 wolves
  8 bullfrogs
  2 kobold brigands
  A gnoll sergeant (D:9)
  3 scorpions
  3 water moccasin zombies (Ossuary)
  A water moccasin skeleton (D:4)
  10 killer bees (D:9)
  An electric eel (Lair:2)
  5 wights (D:8)
  7 centaur zombies
  3 bullfrog zombies
  A bullfrog skeleton (D:4)
  3 hounds
  2 gnoll shamans
  9 orc priests
  A jelly (D:5)
  Jessica (D:2)
  Natasha (thrice) (D:4)
  9 iguanas
  13 orc wizards
  2 hound zombies (D:5)
  2 mummies (Ossuary)
  Robin (D:4)
  17 gnolls
  A howler monkey skeleton (D:5)
  8 adders
  8 adder zombies (Ossuary)
  2 adder skeletons (D:4)
  A worm (D:2)
  4 dart slugs
  35 orcs
  4 ball pythons
  7 bats
  6 endoplasms
  A giant cockroach (D:1)
  5 gnoll zombies (Ossuary)
  10 hobgoblins
  4 jackals (D:4)
  18 kobolds
  5 quokkas
  9 frilled lizards
  14 goblins
  4 hobgoblin zombies (Ossuary)
  3 kobold zombies (Ossuary)
  4 orc zombies (Ossuary)
  6 rats
  A bush (Lair:1)
347 creatures vanquished.

Vanquished Creatures (others)
  15 fungi
  20 plants
35 creatures vanquished.

Grand Total: 382 creatures vanquished

Notes
Turn   | Place    | Note
-------+----------+-------------------------------------------
     0 | D:1      | thescarp the Gargoyle Earth Elementalist began the quest
                  | for the Orb.
     0 | D:1      | Reached XP level 1. HP: 10/10 MP: 3/3
   205 | D:1      | Found Munu's Antique Armour Emporium.
   300 | D:1      | Reached skill level 4 in Earth Magic
   300 | D:1      | Reached XP level 2. HP: 15/15 MP: 1/5
  1298 | D:2      | Reached XP level 3. HP: 19/19 MP: 6/6
  1311 | D:2      | Learned a level 3 spell: Stone Arrow
  1472 | D:2      | Found a faded altar of an unknown god.
  1477 | D:2      | Noticed Jessica
  1483 | D:2      | Killed Jessica
  1484 | D:2      | Reached skill level 1 in Conjurations
  1488 | D:2      | Got Plato's Compendium of Flames
  1519 | D:2      | Reached XP level 4. HP: 20/24 MP: 1/8
  2265 | D:3      | Reached skill level 5 in Earth Magic
  2340 | D:3      | Reached XP level 5. HP: 26/28 MP: 4/10
  2596 | D:3      | Found Benafeceunn's General Store.
  3491 | D:1      | Bought a glowing robe for 88 gold pieces
  3820 | D:4      | Noticed Natasha
  3823 | D:4      | Killed Natasha
  3824 | D:4      | Reached XP level 6. HP: 32/32 MP: 4/11
  4078 | D:4      | Found an iron altar of Okawaru.
  4173 | D:4      | Noticed a black bear
  4186 | D:4      | Killed a black bear
  4191 | D:4      | Reached skill level 6 in Earth Magic
  4191 | D:4      | Reached XP level 7. HP: 36/36 MP: 0/13
  4379 | D:4      | Noticed Sigmund
  4389 | D:4      | Killed Sigmund
  4478 | D:4      | Noticed Robin
  4490 | D:4      | Killed Robin
  4494 | D:4      | Reached skill level 1 in Fighting
  4592 | D:4      | Reached skill level 1 in Maces & Flails
  4592 | D:4      | Reached skill level 1 in Armour
  4592 | D:4      | Reached skill level 1 in Evocations
  4787 | D:4      | Noticed Natasha
  4789 | D:4      | Killed Natasha
  4848 | D:4      | Found a white marble altar of Elyvilon.
  4925 | D:4      | Noticed Natasha
  4931 | D:4      | Killed Natasha
  5166 | D:5      | Entered Level 5 of the Dungeon
  5182 | D:5      | Found a basalt altar of Yredelemnul.
  5188 | D:5      | Reached XP level 8. HP: 41/43 MP: 9/14
  5296 | D:5      | Found a sand-covered staircase.
  5304 | Ossuary  | Entered an ossuary
  5804 | D:5      | Reached skill level 7 in Earth Magic
  5851 | D:5      | Reached skill level 5 in Spellcasting
  5899 | D:5      | Reached skill level 5 in Conjurations
  5899 | D:5      | Reached XP level 9. HP: 37/49 MP: 5/16
  6960 | D:6      | Noticed Maggie
  6974 | D:6      | Killed Maggie
  7166 | D:6      | Found a burning altar of Makhleb.
  7418 | D:6      | Learned a level 5 spell: Fireball
  7527 | D:6      | Found a staircase to the Ecumenical Temple.
  7533 | Temple   | Entered the Ecumenical Temple
  7558 | Temple   | Became a worshipper of Vehumet
  7749 | D:7      | Found a shadowy altar of Dithmenos.
  7864 | D:7      | Found Sicepeim's Jewellery Shop.
  8030 | D:7      | Noticed a hornet
  8045 | D:7      | Killed a hornet
  8046 | D:7      | Reached skill level 1 in Fire Magic
  8300 | D:7      | Found a snail-covered altar of Cheibriados.
  8315 | D:7      | Reached skill level 8 in Earth Magic
  8662 | D:7      | Reached XP level 10. HP: 56/56 MP: 11/18
  8662 | D:7      | Reached * piety under Vehumet
  8662 | D:7      | Offered knowledge of Freeze by Vehumet.
 10121 | D:8      | Found a broken altar of Ashenzari.
 10414 | D:8      | Noticed a cyclops
 10421 | D:8      | Killed a cyclops
 10839 | D:9      | Found Tonylat's Antique Armour Emporium.
 11191 | D:9      | Found Cawifun's Armour Emporium.
 11217 | D:9      | Found a staircase to the Orcish Mines.
 11500 | D:9      | Reached skill level 5 in Armour
 11578 | D:9      | Found a shimmering altar of Xom.
 11714 | D:9      | Found a shimmering altar of Xom.
 11845 | D:9      | Found a shimmering altar of Xom.
 11845 | D:9      | Found a shimmering altar of Xom.
 11846 | D:9      | Found a shimmering altar of Xom.
 11846 | D:9      | Found a shimmering altar of Xom.
 11847 | D:9      | Found a shimmering altar of Xom.
 12184 | D:9      | Reached skill level 5 in Fighting
 12416 | D:9      | Found Fuwkol's Distillery.
 12419 | D:9      | Bought a potion of heal wounds for 80 gold pieces
 12419 | D:9      | Bought a potion of haste for 160 gold pieces
 12647 | D:9      | Found a shimmering blue altar of Sif Muna.
 12687 | D:9      | Noticed a two-headed ogre
 12719 | D:9      | Killed a two-headed ogre
 12720 | D:9      | Reached XP level 11. HP: 26/64 MP: 12/20
 12968 | D:9      | Reached ** piety under Vehumet
 12968 | D:9      | Offered knowledge of Searing Ray by Vehumet.
 13113 | D:10     | Entered Level 10 of the Dungeon
 13410 | D:10     | Reached skill level 5 in Maces & Flails
 13510 | D:10     | Reached skill level 9 in Earth Magic
 14177 | D:10     | Found a staircase to the Lair.
 14512 | D:10     | Noticed Maurice
 14516 | D:10     | Killed Maurice
 15023 | Lair:1   | Entered Level 1 of the Lair of Beasts
 15285 | Lair:1   | Noticed Fannar
 15310 | Lair:1   | Noticed Grum
 15332 | Lair:1   | Offered knowledge of Inner Flame by Vehumet.
 15334 | Lair:1   | Reached skill level 5 in Dodging
 15343 | Lair:1   | Reached skill level 5 in Evocations
 15349 | Lair:1   | Killed Grum
 15614 | Lair:1   | Learned a level 5 spell: Lee's Rapid Deconstruction
 15674 | Lair:1   | Killed Fannar
 16212 | Lair:1   | Identified the ring of Ykhlotesch {*Corrode rPois Will+
                  | Str+2 Int+6}
 16284 | Lair:1   | Reached *** piety under Vehumet
 16543 | Lair:1   | Reached XP level 12. HP: 70/70 MP: 19/22
 16706 | Lair:1   | Noticed an eight-headed hydra
 16721 | Lair:1   | Killed an eight-headed hydra
 17087 | Lair:1   | Identified the +1 leather armour "Qesas" {rF+ Will+}
 17419 | Lair:2   | Identified a scroll of acquirement
 17423 | Lair:2   | Acquired 911 gold pieces
 17461 | Lair:2   | Identified the +11 long sword of Luaxorot {freeze, Stlth+}
 17520 | Lair:2   | Offered knowledge of Mephitic Cloud by Vehumet.
 18060 | Lair:2   | Acquired 1048 gold pieces
 18214 | Lair:2   | Reached skill level 5 in Fire Magic
 18495 | Lair:2   | You fall into a shaft and drop 2 floors!
 18514 | Lair:3   | Reached skill level 10 in Earth Magic
 18525 | Lair:3   | Slain by a komodo dragon

Illustrated notes

Levels and vault maps discovered:
D:1:      wander_arrival_peaceful_grave, layout_basic, serial_shops, shop
D:2:      layout_basic, shapermc_ecumenical_altar_rom_forum, uniq_jessica
D:3:      layout_basic, serial_shops, nicolae_shop_behind_doors
D:4:      layout_loops_cross, general_overflow_altar, elyvilon_altar_1,
          minmay_fractal_squares_5, uniq_sigmund, uniq_natasha, uniq_robin
D:5:      layout_basic, nicolae_yredelemnul_corpse_copse,
          nicolae_ossuary_entry_plus, minmay_bent
D:6:      layout_basic, mainiacjoe_overflow_brackets,
          minmay_temple_entry_nine_rooms, uniq_maggie
D:7:      layout_basic, nicolae_dithmenos_through_a_glass_darkly,
          cheibriados_altar_1, serial_shops, nicolae_shop_statue_plus
D:8:      layout_basic, cheibrodos_ashenzari_chains
D:9:      layout_roguey, nicolae_xom_altar_mimics, mainiacjoe_overflow_24_doors,
          orc_david_3, serial_shops, shop, shop, kennysheep_mini,
          minmay_lizard_king
D:10:     layout_stronghold, erik_lair_orcish_takeover, serial_bayou_crossing,
          uniq_maurice
Temple:   cyrus_circular_temple
Lair:1:   layout_regular_city, beast_lair_carwin_3, uniq_fannar, uniq_grum
Lair:2:   layout_long_grid, pond, infiniplex_staircase_pool
Lair:3:   layout_regular_city, minmay_shoals_entry_beasts,
          guppyfry_snake_entry_island, beast_lair_carwin_7, serial_bayou_shore_a
Lair:4:   layout_misc_corridors, ebering_ghost_funeral_grove, grunt_megastairs_1

Skill      XL: |  1  2  3  4  5  6  7  8  9 10 11 12 |
---------------+-------------------------------------+-----
Earth Magic    | 4 5 6 7 8 9 10 | 10.0
Conjurations   | 1 2 3 4 5 6 7 8 |  8.0
Spellcasting   | 3 4 5 6 7 |  7.4
Fighting       | 1 2 4 5 6 |  6.7
Maces & Flails | 1 2 3 4 5 6 |  6.2
Armour         | 1 2 4 5 6 |  6.8
Evocations     | 1 2 3 4 5 |  5.7
Dodging        | 2 3 4 5 |  5.6
Fire Magic     | 1 3 4 5 |  5.0
Stealth        | |  2.1
Transmutations | |  0.7

Action                   |  1- 3 |  4- 6 |  7- 9 | 10-12 || total
-------------------------+-------+-------+-------+-------++-------
Melee: Dagger            |    25 |       |       |       ||    25
       Unarmed           |     1 |       |       |       ||     1
       Hand axe          |    45 |    66 |     1 |       ||   112
       Flail             |       |       |   124 |   232 ||   356
       Mace              |       |       |    87 |    19 ||   106
 Cast: Sandblast         |    15 |    37 |    82 |     3 ||   137
       Stone Arrow       |       |     4 |    64 |   254 ||   322
       Lee's Rapid Decon |       |       |       |     1 ||     1
  Use: Scroll            |       |       |     8 |    11 ||    19
       Potion            |       |       |     4 |    11 ||    15
 Stab: Sleeping          |     6 |     1 |     3 |       ||    10
       Distracted        |       |     1 |     1 |     1 ||     3
Armor: Robe              |    28 |    39 |    84 |   153 ||   304
Dodge: Dodged            |    51 |    45 |   155 |   332 ||   583
